AoeStats
← 文風

MegaRandom

506065267Analyzed
1v1 RM · 20d ago on Sep 12, 2026· 46m 50s· 2 players
Game mode
Random Map
Map size
Tiny (2 player)
Population
200
Speed
Normal
Resources
Standard
Victory
Conquest
Starting age
Dark Age
Ending age
Imperial Age
RankedLock teamsTeams togetherTeam positionsShared explorationLock speedFull tech treeHidden civsTurbo modeCheats
Victory
Defeat
🇫🇷 Britons · France
1418
+18
🇭🇰 Spanish · Hong Kong SAR China
1459
-18
FLEJEUNE
7:23 Loom
9:46 Feudal Age
11:09 Double-Bit Axe
11:10 Town Watch
11:59 Fletching
20:27 Wheelbarrow
20:53 Horse Collar
21:18 Gold Mining
27:22 Castle Age
26:34 Padded Archer Armor
27:02 Stone Mining
28:00 Bodkin Arrow
28:27 Bow Saw
29:01 Crossbowman
32:00 Hand Cart
32:20 Ballistics
34:34 Leather Archer Armor
40:29 Yeomen
43:33 Imperial Age
43:31 Treadmill Crane
44:17 Bracer
45:18 Chemistry
44:41 Conscription
45:07 Ring Archer Armor
46:30 Elite Longbowman
文風
6:42 Loom
9:54 Feudal Age
11:53 Fletching
28:28 Castle Age
27:45 Double-Bit Axe
27:54 Gold Mining
30:49 Town Watch
38:41 Imperial Age
37:43 Wheelbarrow
40:51 Chemistry
41:35 Elite Skirmisher
44:05 Padded Archer Armor
45:07 Bodkin Arrow
45:28 Leather Archer Armor
Connection lost

Rejoining the realm…

Still unreachable

The connection could not be restored.

Session expired

The server has moved on; the page needs a fresh start.